 Dungeon Crawl Stone Soup version 0.27.1-4-g1640c2035a (webtiles) character file.

Game seed: 7751203581342412056

88 SmokeWeed the Ducker (level 4, -2/33 HPs)
             Began as a Demonspawn Gladiator on Nov 10, 2021.
             Slain by an orc priest (4 damage)
             ... on level 3 of the Dungeon.
             The game lasted 00:04:46 (2546 turns).

SmokeWeed the Ducker (Demonspawn Gladiator)         Turns: 2546, Time: 00:04:46

Health: -2/33      AC: 10    Str: 16    XL:     4   Next: 29%
Magic:  4/4        EV:  4    Int:  9    God:
Gold:   37         SH:  7    Dex: 14    Spells: 3/3 levels left

rFire    + . .     SeeInvis .   e - +3 whip
rCold    + . .     Faith    .   g - +0 kite shield
rNeg     . . .     Spirit   .   t - +0 chain mail
rPois    .         Reflect  .   c - +0 helmet
rElec    .         Harm     .   f - scarf {rC+ rF+}
rCorr    +         Rampage  .   n - +0 pair of gloves
Will     .....                  (no boots)
Stlth    ..........             (no amulet)
HPRegen  0.11/turn              o - ring of resist corrosion
MPRegen  0.09/turn              (no ring)

@: on berserk cooldown, hasted and slowed
A: ignite blood 1
a: no special abilities


You were on level 3 of the Dungeon.
You visited 1 branch of the dungeon, and saw 3 of its levels.

You collected 37 gold pieces.

Inventory:

Hand Weapons
 a - a +0 long sword
 e - a +3 whip (weapon)
 v - a +0 quarterstaff
Missiles
 d - 2 throwing nets (quivered)
 k - 8 atropa-tipped darts
Armour
 b - a +0 leather armour
 c - a +0 helmet (worn)
 f - a scarf of resistance (worn)
 g - a +0 kite shield (worn)
 i - a +0 scale mail
 n - a +0 pair of gloves (worn)
 t - a +0 chain mail (worn)
Jewellery
 o - a ring of resist corrosion (left hand)
Scrolls
 q - 3 scrolls of identify
 u - a scroll of enchant weapon {unknown}
Potions
 l - a potion of flight {unknown}
 m - 2 potions of lignification {unknown}
 p - a potion of attraction {unknown}
 r - a potion of heal wounds {unknown}
 s - a potion of cancellation {unknown}


   Skills:
 + Level 2.2 Fighting
 + Level 3.1 Long Blades
 + Level 1.7 Maces & Flails
 + Level 2.0 Throwing
 + Level 0.8 Armour
 + Level 3.2 Dodging
 + Level 1.0 Stealth


You had 3 spell levels left.
You didn't know any spells.
Your spell library contained the following spells:

 Spells                   Type           Power      Damage    Failure   Level
 Petrify                  Tmut/Erth      0%         N/A       100%        4
 Metabolic Englaciation   Hex/Ice        0%         N/A       100%        5
 Statue Form              Tmut/Erth      0%         N/A       100%        6


Dungeon Overview and Level Annotations

Branches:
Dungeon (3/15)

Altars:
Hepliaklqana


Innate Abilities, Weirdness & Mutations

Your demonic aura sometimes causes spilled blood to erupt in flames.


Message History

You whack the orc!
You kill the orc!
You whack the orc!
You kill the orc!
You hit the orc.
The orc is almost dead.
The orc hits you but does no damage.
You whack the orc!
You kill the orc!
The orc hits you but does no damage.
Items here: ))))) [[ †††.
You whack the orc!
You kill the orc!
The orc priest looks braver for a moment.
You are no longer berserk.
You are exhausted.
You feel yourself slow down. You block the orc priest's attack.
Things that are here:
a +0 dagger; a +0 scale mail You hit the orc priest.
The orc priest is lightly wounded.
The orc priest hits you but does no damage.
You hit the orc priest.
The orc priest is moderately wounded.
The orc priest hits you but does no damage.
You hit the orc priest but do no damage.
The orc priest is moderately wounded.
The orc priest looks braver for a moment.
You completely miss the orc priest.
The orc priest is moderately wounded.
The orc priest hits you with a +0 short sword.
* * * LOW HITPOINT WARNING * * *
You block the orc priest's attack.
You hit the orc priest.
The orc priest is severely wounded.
You block the orc priest's attack.
You hit the orc priest but do no damage.
The orc priest is severely wounded.
The orc priest hits you with a +0 short sword.
You die...

#########
#.......#
..#####.##########
### #..........#
#### ##########.#
.... #.# ####
###.# # ..#)# #
#.#@# # #.#o# #
##.#o####... .
#....!...... ##
#.o#.##o.... #
#..#... ....
#..####.?... ...
.S.. ##..


oo. You could see an orc priest and an orc.

Vanquished Creatures
  3 adders
  A worm (D:3)
  A dart slug (D:1)
  6 orcs (D:3)
  2 ball pythons
  8 endoplasms
  A giant cockroach (D:2)
  5 goblins
  5 hobgoblins
  A quokka (D:2)
  2 bats (D:1)
  2 frilled lizards (D:1)
  4 kobolds (D:1)
  4 rats
45 creatures vanquished.

Notes
Turn   | Place    | Note
-------+----------+-------------------------------------------
     0 | D:1      | SmokeWeed the Demonspawn Gladiator began the quest for the
                  | Orb.
     0 | D:1      | Reached XP level 1. HP: 16/16 MP: 1/1
   223 | D:1      | Found a faded altar of an unknown god.
   359 | D:1      | Gained mutation: Your demonic aura sometimes causes spilled
                  | blood to erupt in flames. [demonic ancestry]
   359 | D:1      | Reached XP level 2. HP: 20/22 MP: 2/2
  1320 | D:2      | Reached XP level 3. HP: 24/27 MP: 3/3
  1584 | D:2      | Found a hazy altar of Hepliaklqana.
  2185 | D:2      | Reached skill level 1 in Maces & Flails
  2440 | D:3      | Reached skill level 1 in Stealth
  2526 | D:3      | Reached XP level 4. HP: 9/33 MP: 4/4
  2546 | D:3      | Slain by an orc priest

Illustrated notes

Levels and vault maps discovered:
D:1:      erik_arrival_cave_to_civilisation [erik_arrival_cave_to_hall],
          layout_loops_ring, hellmonk_ecumenical_altar_blasted
D:2:      layout_basic, basic_altar
D:3:      layout_loops_ring, serial_shops, nicolae_diamond_shop, shop,
          uniq_crazy_yiuf_cottage

Skill      XL: |  1  2  3 |
---------------+----------+-----
Dodging        | 3 |  3.2
Long Blades    | 3 |  3.1
Throwing       | 2 |  2.0
Maces & Flails | 1 |  1.7
Stealth        | 1 |  1.0
Fighting       | |  2.2
Armour         | |  0.8

Action                   |  1- 3 |  4- 6 || total
-------------------------+-------+-------++-------
Melee: Whip              |    97 |    19 ||   116
       Long sword        |     5 |       ||     5
Throw: Throwing net      |     1 |       ||     1
  Use: Scroll            |     6 |       ||     6
       Potion            |     2 |       ||     2
 Stab: Sleeping          |     1 |       ||     1
Armor: Leather armour    |    14 |       ||    14
       Scale mail        |    15 |       ||    15
       Chain mail        |     9 |     7 ||    16
Dodge: Dodged            |    45 |       ||    45
Block: Kite shield       |    11 |     6 ||    17
